 Dungeon Crawl Stone Soup version 0.29-a0-330-g52719c12eb (webtiles) character file.

Game seed: 12023138022124870653

1067 kae the Firebug (level 8, 0/52 HPs)
             Began as an Octopode Fire Elementalist on Apr 18, 2022.
             Succumbed to a killer bee's poison
             ... on level 5 of the Dungeon.
             The game lasted 00:03:31 (8745 turns).

kae the Firebug (Octopode Fire Elementalist)        Turns: 8745, Time: 00:03:32

Health: 0/52       AC:  1    Str:  7    XL:     8   Next: 28%
Magic:  7/13       EV: 14    Int: 20    God:
Gold:   198        SH:  0    Dex: 12    Spells: 4/13 levels left

rFire   . . .      SeeInvis .   h - staff of conjuration
rCold   . . .      Faith    .   (no shield)
rNeg    . . .      Spirit   .   (helmet restricted)
rPois   .          Reflect  .   (no amulet)
rElec   .          Harm     .   (no ring)
rCorr   .          Rampage  .   (no ring)
Will    .....                   (no ring)
Stlth   ++++......              (no ring)
HPRegen 0.17/turn               (no ring)
MPRegen 0.13/turn               (no ring)
                                (no ring)
                                (no ring)

@: lethally poisoned (0 -> -19)
A: almost no armour, amphibious, 8 rings, camouflage 1, gelatinous body 1,
(nimble swimmer 1), tentacles
a: no special abilities


You were on level 5 of the Dungeon.
You visited 1 branch of the dungeon, and saw 6 of its levels.

You collected 198 gold pieces.

Inventory:

Hand Weapons
 c - a +1 dagger of venom
Magical Staves
 h - a staff of conjuration (weapon)
Jewellery
 i - a ring of ice
Wands
 f - a wand of iceblast (9)
Scrolls
 l - 2 scrolls of magic mapping
 q - a scroll of immolation {unknown}
 s - a scroll of identify
 t - a scroll of teleportation {unknown}
Potions
 a - 2 potions of magic
 b - a potion of attraction {unknown}
 d - 2 potions of heal wounds
 e - 2 potions of flight
 g - 2 potions of brilliance {unknown}
 j - a potion of berserk rage {unknown}
 k - a potion of might {unknown}
 m - 3 potions of curing
 n - 2 potions of degeneration {unknown}
 o - 2 potions of resistance {unknown}
 p - a potion of haste {unknown}
 r - a potion of cancellation {unknown}


   Skills:
 + Level 3.0 Fighting
 + Level 2.1 Staves
 + Level 3.8 Dodging
 + Level 5.4 Stealth
 + Level 3.4 Spellcasting
 + Level 3.2 Conjurations
 * Level 5.5 Fire Magic
 + Level 2.3 Evocations


You had 4 spell levels left.
You knew the following spells:

 Your Spells              Type           Power      Damage    Failure   Level
a - Foxfire               Conj/Fire      100%       2x1d9     2%          1
b - Scorch                Fire           50%        2d8       1%          2
c - Conjure Flame         Conj/Fire      31%        6-21      7%          3
d - Inner Flame           Hex/Fire       14%        N/A       13%         3

Your spell library contained the following spells:

 Spells                   Type           Power      Damage    Failure   Level
 Flame Wave               Conj/Fire      31%        2d8       22%         4


Dungeon Overview and Level Annotations

Branches:
Dungeon (6/15)
 Temple: D:4-7

Altars:

Annotations:
D:2 1 runed translucent door, Crazy Yiuf


Innate Abilities, Weirdness & Mutations

You cannot wear most types of armour.
You are amphibious.
You can wear up to eight rings at the same time.
Your skin changes colour to match your surroundings (Stealth+).
Your rubbery body absorbs attacks. (AC +1, EV +1)
((You are camouflaged when in or above water. (Stealth+)))
You have tentacles for arms and can constrict up to eight enemies at once.


Message History

r - Retreat! s - Stop attacking. g - Guard the area. f - Follow me.
Anything else - Cancel.
You shout for attention!
You start waiting.
Done waiting.
You open the door.
The killer bee buzzes angrily.
You hear an angry buzzing noise.
There is a stone staircase leading up here.
The killer bee misses you. The killer bee stings you!
You climb upwards.
There is a stone staircase leading down here.
Casting: Scorch (safe; 1% risk of failure)
Confirm with . or Enter, or press ? or * to list all spells.
Flames lash the killer bee.
The killer bee is severely wounded.
The killer bee's fire resistance burns away.
The killer bee stings you.
You are poisoned.
The killer bee poisons you! The killer bee stings you.
You feel very sick. The killer bee stings you!
The killer bee closely misses you.
Casting: Scorch (safe; 1% risk of failure)
Confirm with . or Enter, or press ? or * to list all spells.
Flames lash the killer bee.
The killer bee is severely wounded.
You feel sick. The killer bee closely misses you. The killer bee stings you!
You are more poisoned.
The killer bee poisons you!
* * * LOW HITPOINT WARNING * * *
You feel very sick. The killer bee barely misses you.
The killer bee stings you!
* * * LOW HITPOINT WARNING * * *
You are more poisoned.
The killer bee poisons you!
Casting: Scorch (safe; 1% risk of failure)
Confirm with . or Enter, or press ? or * to list all spells.
Flames lash the killer bee.
The killer bee is burned terribly!
You kill the killer bee!
You die...

...........................##....
..........................##..#..
..........................##..#..
..............................##.
...............................#.
...........................##>.#.
...........................###...
............................###..
................@...........# #..
............................# ##.
............................#####
......................<......##..
.................................
.................................
...............<..............##.
..........................)..##..
..............................#..


There were no monsters in sight!

Vanquished Creatures
  Sigmund (D:2)
  An ice beast (D:6)
  An ogre (D:3)
  4 scorpions
  4 killer bees
  A howler monkey (D:6)
  An orc priest (D:4)
  A hound (D:4)
  An iguana (D:4)
  3 orc wizards
  Robin (D:2)
  3 adders
  A shadow imp (D:6)
  An ufetubus (D:6)
  2 worms
  2 dart slugs
  12 orcs
  A bat (D:2)
  7 endoplasms
  3 giant cockroaches
  10 goblins
  8 hobgoblins
  4 jackals
  6 kobolds
  4 quokkas
  7 ball pythons
  4 rats
94 creatures vanquished.

Vanquished Creatures (collateral kills)
  A foxfire (D:1)
1 creature vanquished.

Vanquished Creatures (others)
  292 foxfires
  3 plants (D:1)
295 creatures vanquished.

Grand Total: 390 creatures vanquished

Notes
Turn   | Place    | Note
-------+----------+-------------------------------------------
     0 | D:1      | kae the Octopode Fire Elementalist began the quest for the
                  | Orb.
     0 | D:1      | Reached XP level 1. HP: 11/11 MP: 3/3
   194 | D:1      | Found a faded altar of an unknown god.
   305 | D:1      | Reached XP level 2. HP: 9/17 MP: 5/5
  1329 | D:2      | Noticed Sigmund
  1641 | D:2      | Noticed Robin
  1644 | D:2      | Reached XP level 3. HP: 18/22 MP: 4/6
  1789 | D:2      | Killed Robin
  2256 | D:2      | Learned a level 2 spell: Scorch
  2260 | D:2      | Learned a level 3 spell: Conjure Flame
  2272 | D:2      | Killed Sigmund
  2273 | D:2      | Reached skill level 1 in Fighting
  2273 | D:2      | Reached XP level 4. HP: 19/29 MP: 1/7
  2273 | D:2      | Reached XP level 5. HP: 23/34 MP: 1/8
  2646 | D:2      | Found a runed translucent door.
  2647 | D:2      | Noticed Crazy Yiuf
  3108 | D:3      | Reached XP level 6. HP: 39/39 MP: 10/10
  3180 | D:3      | Identified the +2 quarterstaff "Dohetuax" {pain, rElec rN+
                  | Stlth-}
  4635 | D:4      | Reached XP level 7. HP: 45/45 MP: 8/11
  4645 | D:4      | Reached skill level 1 in Evocations
  4801 | D:4      | Reached skill level 1 in Staves
  5842 | D:5      | Entered Level 5 of the Dungeon
  6221 | D:5      | Learned a level 3 spell: Inner Flame
  6518 | D:4      | Reached skill level 5 in Fire Magic
  6745 | D:5      | Reached skill level 5 in Stealth
  7644 | D:6      | Reached XP level 8. HP: 44/51 MP: 2/12
  8745 | D:5      | Succumbed to a killer bee's poison

Illustrated notes

Levels and vault maps discovered:
D:1:      ncdulo_smallfort, layout_loops_corners,
          shapermc_ecumenical_altar_mp_highgroup, serial_bayou_ford_a,
          chequers_serial_rivers_small_b, serial_bayou_lagoon_b
D:2:      layout_loops_cross, uniq_sigmund, uniq_robin, uniq_crazy_yiuf_cottage
D:3:      layout_basic, kennysheep_generic_room_15
D:4:      layout_layer_cave
D:5:      layout_layer_cave
D:6:      layout_gridville

Skill      XL: |  1  2  3  4  5  6  7  8 |
---------------+-------------------------+-----
Stealth        | 3 4 5 |  5.4
Fighting       | 1 2 3 |  3.0
Conjurations   | 2 3 |  3.2
Fire Magic     | 4 5 |  5.5
Dodging        | 3 |  3.8
Spellcasting   | 3 |  3.4
Evocations     | 2 |  2.3
Staves         | 1 2 |  2.1

Action                   |  1- 3 |  4- 6 |  7- 9 || total
-------------------------+-------+-------+-------++-------
Melee: Unarmed           |    20 |       |       ||    20
       Tentacles         |     5 |     8 |       ||    13
       Constrict         |     4 |     5 |       ||     9
       Dagger            |     7 |    21 |       ||    28
       Punch             |       |     1 |       ||     1
       Staff             |       |     2 |     4 ||     6
 Cast: Foxfire           |    45 |    49 |    73 ||   167
       Scorch            |       |     6 |    21 ||    27
  Use: Scroll            |     5 |     1 |     6 ||    12
       Potion            |     2 |       |       ||     2
 Stab: Sleeping          |     1 |     7 |       ||     8
Armor: Skin              |     1 |     2 |     4 ||     7
Dodge: Dodged            |    33 |    19 |    38 ||    90

Table legend: (Time is in decaauts)
 A = Elapsed time spent in this place.
 B = Non-inter-level travel time spent in this place.
 C = Inter-level travel time spent in this place.
 D = Time resting spent in this place.
 E = Time spent auto-exploring this place.
 F = Levels seen in this place.
 G = Mean time per level.
                   A        B        C        D        E       F      G
               +--------+--------+--------+--------+--------+-----+--------+
         Total |   8752 |   8376 |    376 |   1382 |   6176 |   6 | 1458.7 |
       Dungeon |   8752 |   8376 |    376 |   1382 |   6176 |   6 | 1458.7 |
               +--------+--------+--------+--------+--------+-----+--------+

Top non-repeatable levels by time:
     D:4: 1909 daAuts
     D:2: 1525 daAuts
     D:5: 1476 daAuts
     D:1: 1380 daAuts
     D:3: 1292 daAuts
     D:6: 1168 daAuts
